General information
- name: BNet
- type: Ladder team game (AT/RT)
- host: Battle.net
- saver: YourMaster
map: FullScaleAssault
- players: 8
- length: 47:49
- speed: Fast
- version: 1.27 W3XP
- replay type: Public
» download(272 KB)
Players
team 1 (winner)

»
bale (
pink | 94 APM | 4033 actions | 42:58)
5 Archmage
2 Summon Water Elemental
3 Brilliance Aura
5 Mountain King
3 Storm Bolt
2 Bash
5 Paladin
2 Holy Light
2 Divine Shield
1 Devotion Aura
» actions
| Assign group hotkey | 556 | |
| Basic commands | 26 | |
| Build / train | 158 | |
| ESC pressed | 35 | |
| Enter build submenu | 45 | |
| Enter hero's abilities submenu | 15 | |
| Give item / drop item | 5 | |
| Remove unit from queue | 3 | |
| Right click | 1686 | |
| Select / deselect | 669 | |
| Select group hotkey | 558 | |
| Use ability | 274 | |
4033 total
» units
| Peasant | 23 | |
| Rifleman | 14 | |
| Goblin Shredder | 4 | |
| Goblin Zeppelin | 2 | |
| Siege Engine | 7 | |
| Priest | 6 | |
| Spell Breaker | 4 | |
60 total
» upgrades
| Gunpowder | 3 | |
| Armor | 3 | |
| Masonry | 2 | |
| Long Rifles | 1 | |
| Barrage | 1 | |
| Priest Training | 2 | |
| Control Magic | 1 | |
| Plating | 1 | |
| Lumber Harvesting | 2 | |
16 total
» buildings
| Altar of Kings | 2 | |
| Farm | 14 | |
| Lumber Mill | 2 | |
| Arcane Vault | 3 | |
| Blacksmith | 1 | |
| Barracks | 2 | |
| Town Hall | 4 | |
| Keep | 6 | |
| Scout Tower | 15 | |
| Guard Tower | 22 | |
| Castle | 5 | |
| Workshop | 2 | |
| Arcane Sanctum | 2 | |
80 total
» build order
01:37 Altar of Kings
01:41 Farm
01:44 Lumber Mill
02:07 Arcane Vault
02:11 Arcane Vault
02:19 Farm
02:28 Farm
02:33 Blacksmith
02:55 Farm
03:07 Barracks
04:48 Town Hall
05:56 Keep
05:56 Keep
05:56 Keep
05:57 Keep
06:37 Scout Tower
06:37 Scout Tower
06:38 Scout Tower
06:41 Scout Tower
07:01 Farm
07:17 Guard Tower
07:17 Guard Tower
07:17 Guard Tower
08:13 Town Hall
08:33 Guard Tower
08:33 Guard Tower
08:33 Castle
08:34 Castle
08:34 Castle
09:43 Town Hall
11:08 Workshop
11:10 Workshop
11:18 Barracks
11:24 Arcane Sanctum
11:25 Arcane Sanctum
11:47 Lumber Mill
12:09 Scout Tower
12:09 Scout Tower
12:13 Scout Tower
12:13 Scout Tower
12:14 Scout Tower
12:40 Arcane Vault
13:27 Guard Tower
13:28 Guard Tower
13:28 Guard Tower
13:48 Scout Tower
13:48 Scout Tower
13:49 Scout Tower
13:51 Scout Tower
13:51 Scout Tower
13:52 Scout Tower
14:33 Farm
14:37 Farm
14:41 Farm
14:42 Farm
14:44 Farm
14:59 Guard Tower
14:59 Guard Tower
14:59 Guard Tower
15:03 Guard Tower
15:07 Guard Tower
15:07 Guard Tower
16:34 Guard Tower
16:34 Guard Tower
22:00 Farm
22:01 Farm
23:16 Farm
23:17 Farm
24:17 Town Hall
34:20 Altar of Kings
» items
| Potion of Healing | 5 | |
| Scroll of Regeneration | 3 | |
| Orb of Fire | 2 | |
| Scroll of Town Portal | 4 | |
| Lesser Clarity Potion | 1 | |
| Staff of Sanctuary | 1 | |
| Boots of Speed | 1 | |
| Potion of Lesser Invulnerability | 1 | |
18 total
YourMaster (
purple | 92 APM | 4390 actions | 47:49)
7 Archmage
2 Summon Water Elemental
3 Brilliance Aura
1 Blizzard
1 Mass Teleport
4 Blood Mage
2 Flame Strike
2 Banish
» actions
| Assign group hotkey | 130 | |
| Basic commands | 430 | |
| Build / train | 213 | |
| ESC pressed | 1 | |
| Enter build submenu | 62 | |
| Enter hero's abilities submenu | 10 | |
| Give item / drop item | 15 | |
| Remove unit from queue | 4 | |
| Right click | 1112 | |
| Select / deselect | 629 | |
| Select group hotkey | 1490 | |
| Use ability | 294 | |
4390 total
» units
| Peasant | 13 | |
| Footman | 4 | |
| Goblin Zeppelin | 12 | |
| Goblin Shredder | 4 | |
| Sorceress | 2 | |
| Gryphon Rider | 4 | |
| Mortar Team | 4 | |
| Goblin Sapper | 10 | |
| Priest | 6 | |
59 total
» upgrades
| Masonry | 3 | |
| Sorceress Training | 2 | |
| Storm Hammers | 1 | |
| Swords | 3 | |
| Armor | 3 | |
| Cloud | 1 | |
| Lumber Harvesting | 2 | |
| Animal War Training | 1 | |
| Gunpowder | 3 | |
| Plating | 3 | |
| Long Rifles | 1 | |
| Fragmentation Shards | 1 | |
| Priest Training | 2 | |
| Flak Cannons | 1 | |
| Flying Machine Bombs | 1 | |
| Barrage | 1 | |
| Flare | 1 | |
| Magic Sentry | 1 | |
31 total
» buildings
| Altar of Kings | 1 | |
| Barracks | 1 | |
| Farm | 13 | |
| Arcane Vault | 1 | |
| Lumber Mill | 1 | |
| Keep | 3 | |
| Town Hall | 3 | |
| Scout Tower | 31 | |
| Castle | 4 | |
| Guard Tower | 47 | |
| Arcane Sanctum | 1 | |
| Gryphon Aviary | 4 | |
| Blacksmith | 2 | |
| Workshop | 4 | |
116 total
» build order
00:52 Altar of Kings
00:55 Barracks
00:58 Farm
01:04 Farm
01:10 Farm
02:00 Arcane Vault
02:42 Lumber Mill
03:15 Farm
03:46 Keep
03:47 Keep
04:18 Town Hall
06:32 Scout Tower
06:33 Scout Tower
06:34 Scout Tower
06:34 Scout Tower
06:47 Castle
06:47 Castle
06:48 Castle
07:04 Guard Tower
07:28 Arcane Sanctum
08:15 Guard Tower
10:03 Guard Tower
10:31 Gryphon Aviary
10:33 Gryphon Aviary
10:51 Scout Tower
10:51 Scout Tower
10:53 Scout Tower
11:35 Blacksmith
11:39 Blacksmith
11:41 Scout Tower
12:43 Scout Tower
12:44 Scout Tower
12:45 Scout Tower
12:47 Scout Tower
13:11 Scout Tower
13:13 Scout Tower
14:06 Guard Tower
14:06 Guard Tower
14:07 Guard Tower
14:08 Guard Tower
14:08 Guard Tower
14:08 Guard Tower
14:39 Farm
14:40 Farm
15:45 Guard Tower
15:45 Guard Tower
15:46 Guard Tower
15:46 Guard Tower
15:51 Scout Tower
15:54 Scout Tower
15:57 Scout Tower
16:30 Guard Tower
16:31 Guard Tower
16:31 Guard Tower
16:40 Guard Tower
16:40 Guard Tower
16:40 Guard Tower
18:09 Scout Tower
18:19 Gryphon Aviary
18:20 Gryphon Aviary
18:28 Workshop
18:31 Workshop
20:55 Workshop
20:57 Workshop
21:01 Scout Tower
21:02 Scout Tower
21:03 Scout Tower
21:34 Guard Tower
21:35 Guard Tower
21:35 Guard Tower
21:35 Guard Tower
22:00 Farm
22:03 Farm
22:07 Farm
22:09 Guard Tower
22:17 Farm
22:20 Farm
22:22 Farm
22:57 Farm
23:04 Guard Tower
23:04 Guard Tower
23:05 Guard Tower
23:17 Guard Tower
23:17 Guard Tower
23:18 Guard Tower
23:39 Scout Tower
23:41 Scout Tower
24:34 Town Hall
24:35 Scout Tower
24:36 Scout Tower
24:38 Scout Tower
24:39 Scout Tower
25:54 Guard Tower
25:54 Guard Tower
26:08 Guard Tower
26:08 Guard Tower
26:08 Guard Tower
31:01 Town Hall
31:03 Scout Tower
31:04 Scout Tower
31:05 Scout Tower
31:05 Scout Tower
34:21 Guard Tower
34:22 Guard Tower
34:22 Guard Tower
» items
| Scroll of Regeneration | 7 | |
| Mechanical Critter | 6 | |
| Staff of Teleportation | 2 | |
| Periapt of Vitality | 3 | |
| Tome of Retraining | 1 | |
| Circlet of Nobility | 1 | |
| Lesser Clarity Potion | 2 | |
| Potion of Mana | 1 | |
| Potion of Lesser Invulnerability | 2 | |
| Scroll of Protection | 1 | |
26 total
Russalot (
orange | 33 APM | 1564 actions | 47:48)
6 Mountain King
3 Storm Bolt
2 Bash
1 Avatar
4 Paladin
2 Holy Light
2 Divine Shield
» actions
| Assign group hotkey | 21 | |
| Basic commands | 25 | |
| Build / train | 77 | |
| Enter build submenu | 21 | |
| Enter hero's abilities submenu | 10 | |
| Remove unit from queue | 1 | |
| Right click | 989 | |
| Select / deselect | 256 | |
| Select group hotkey | 106 | |
| Use ability | 58 | |
1564 total
» units
| Peasant | 24 | |
| Footman | 3 | |
| Rifleman | 31 | |
| Blue Drake | 1 | |
| Blue Dragon Whelp | 1 | |
60 total
» upgrades
| Gunpowder | 1 | |
| Armor | 1 | |
| Long Rifles | 1 | |
3 total
» buildings
| Altar of Kings | 1 | |
| Farm | 13 | |
| Barracks | 4 | |
| Blacksmith | 2 | |
| Keep | 1 | |
| Town Hall | 2 | |
23 total
» build order
00:06 Altar of Kings
00:09 Farm
00:45 Barracks
01:06 Farm
01:46 Blacksmith
01:53 Blacksmith
02:06 Farm
02:55 Farm
03:42 Barracks
03:50 Farm
05:24 Farm
06:37 Keep
08:12 Farm
09:39 Farm
09:42 Farm
11:38 Barracks
11:39 Barracks
17:02 Town Hall
23:33 Farm
23:33 Farm
23:33 Farm
23:34 Farm
25:49 Town Hall

»
capitalsfan92 (
red | 23 APM | 958 actions | 42:30)
6 Death Knight
2 Death Coil
2 Death Pact
1 Unholy Aura
1 Animate Dead
» actions
| Basic commands | 47 | |
| Build / train | 79 | |
| Enter build submenu | 22 | |
| Enter hero's abilities submenu | 6 | |
| Give item / drop item | 1 | |
| Right click | 424 | |
| Select / deselect | 328 | |
| Use ability | 51 | |
958 total
» units
| Acolyte | 7 | |
| Ghoul | 3 | |
| Crypt Fiend | 18 | |
| Frost Wyrm | 24 | |
52 total
» upgrades
| Web | 1 | |
| Creature Attack | 3 | |
| Creature Carapace | 2 | |
| Freezing Breath | 1 | |
7 total
» buildings
| Ziggurat | 9 | |
| Crypt | 1 | |
| Altar of Darkness | 1 | |
| Graveyard | 1 | |
| Halls of the Dead | 1 | |
| Black Citadel | 1 | |
| Sacrificial Pit | 1 | |
| Tomb of Relics | 1 | |
| Boneyard | 2 | |
| Spirit Tower | 8 | |
| Nerubian Tower | 1 | |
27 total
» build order
01:01 Ziggurat
01:04 Ziggurat
01:08 Crypt
01:15 Altar of Darkness
01:28 Graveyard
01:58 Ziggurat
02:59 Ziggurat
03:58 Halls of the Dead
05:06 Ziggurat
06:20 Black Citadel
07:07 Sacrificial Pit
07:13 Tomb of Relics
08:55 Boneyard
09:13 Ziggurat
09:15 Ziggurat
09:55 Ziggurat
10:12 Ziggurat
10:29 Spirit Tower
10:33 Spirit Tower
10:56 Boneyard
11:26 Nerubian Tower
11:28 Spirit Tower
26:35 Spirit Tower
26:38 Spirit Tower
26:39 Spirit Tower
26:40 Spirit Tower
26:42 Spirit Tower
» items
| Periapt of Vitality | 1 | |
| Scroll of Town Portal | 1 | |
2 total
team 2 (loser)

»
HomerSimpson. (
green | 31 APM | 850 actions | 27:17)
8 Blood Mage
3 Flame Strike
3 Banish
1 Summon Phoenix
1 Siphon Mana
» actions
| Assign group hotkey | 18 | |
| Basic commands | 1 | |
| Build / train | 80 | |
| Enter build submenu | 19 | |
| Enter hero's abilities submenu | 8 | |
| Give item / drop item | 1 | |
| Right click | 389 | |
| Select / deselect | 247 | |
| Select group hotkey | 43 | |
| Use ability | 44 | |
850 total
» units
| Peasant | 8 | |
| Rifleman | 4 | |
| Flying Machine | 35 | |
| Gryphon Rider | 8 | |
| Goblin Zeppelin | 1 | |
56 total
» upgrades
| Gunpowder | 1 | |
| Lumber Harvesting | 2 | |
| Storm Hammers | 1 | |
| Flak Cannons | 1 | |
| Swords | 2 | |
| Flying Machine Bombs | 1 | |
8 total
» buildings
| Farm | 9 | |
| Barracks | 1 | |
| Altar of Kings | 1 | |
| Blacksmith | 1 | |
| Lumber Mill | 1 | |
| Keep | 1 | |
| Arcane Vault | 1 | |
| Workshop | 2 | |
| Gryphon Aviary | 2 | |
| Castle | 1 | |
20 total
» build order
00:32 Farm
01:15 Barracks
01:22 Altar of Kings
01:28 Blacksmith
01:34 Farm
02:18 Farm
02:54 Farm
03:38 Lumber Mill
04:02 Keep
05:35 Farm
06:16 Arcane Vault
06:24 Workshop
06:27 Workshop
06:40 Farm
07:40 Farm
07:52 Gryphon Aviary
07:56 Gryphon Aviary
07:58 Castle
11:39 Farm
11:42 Farm
» items
| Scroll of Town Portal | 4 | |
| Scroll of Regeneration | 1 | |
5 total
REYARTEBEHT (
yellow | 55 APM | 2607 actions | 47:48)
10 Blademaster
3 Wind Walk
3 Critical Strike
1 Bladestorm
3 Mirror Image
» actions
| Assign group hotkey | 45 | |
| Basic commands | 36 | |
| Build / train | 79 | |
| Enter build submenu | 90 | |
| Enter hero's abilities submenu | 10 | |
| Give item / drop item | 16 | |
| Right click | 1227 | |
| Select / deselect | 417 | |
| Select group hotkey | 437 | |
| Use ability | 250 | |
2607 total
» units
| Peon | 14 | |
| Grunt | 4 | |
| Goblin Shredder | 3 | |
| Goblin Zeppelin | 5 | |
| Troll Batrider | 14 | |
| Goblin Sapper | 1 | |
41 total
» upgrades
| Reinforced Defenses | 1 | |
| Ranged Weapons | 3 | |
| Armor | 3 | |
| Troll Regeneration | 1 | |
| Liquid Fire | 1 | |
| Envenomed Spears | 1 | |
| Spiked Barricades | 1 | |
11 total
» buildings
| Orc Burrow | 5 | |
| Altar of Storms | 1 | |
| Barracks | 1 | |
| Voodoo Lounge | 4 | |
| Stronghold | 1 | |
| War Mill | 2 | |
| Great Hall | 5 | |
| Watch Tower | 79 | |
| Fortress | 1 | |
| Beastiary | 4 | |
103 total
» build order
00:16 Orc Burrow
01:11 Orc Burrow
01:16 Altar of Storms
01:27 Barracks
01:39 Voodoo Lounge
03:00 Stronghold
03:32 War Mill
04:16 Orc Burrow
04:45 Great Hall
06:39 Watch Tower
06:40 Watch Tower
06:41 Watch Tower
06:41 Watch Tower
06:52 Orc Burrow
06:57 Watch Tower
06:59 Watch Tower
08:00 Watch Tower
08:03 Watch Tower
08:05 Watch Tower
08:06 Watch Tower
08:09 Watch Tower
08:19 Watch Tower
08:20 Watch Tower
09:06 Fortress
10:11 Voodoo Lounge
10:21 Great Hall
10:25 Watch Tower
10:26 Watch Tower
10:26 Watch Tower
11:32 Watch Tower
11:34 Watch Tower
11:36 Watch Tower
11:40 Watch Tower
11:43 Voodoo Lounge
12:11 Watch Tower
12:12 Watch Tower
12:13 Watch Tower
12:15 Watch Tower
12:15 Watch Tower
12:17 Beastiary
12:20 Beastiary
12:21 Beastiary
12:24 Beastiary
12:41 War Mill
12:43 Orc Burrow
18:40 Watch Tower
18:40 Watch Tower
20:06 Watch Tower
20:06 Watch Tower
20:07 Watch Tower
20:07 Watch Tower
20:07 Watch Tower
20:10 Watch Tower
20:11 Watch Tower
21:37 Watch Tower
21:37 Watch Tower
21:37 Watch Tower
21:38 Watch Tower
21:38 Watch Tower
21:39 Watch Tower
21:39 Watch Tower
21:40 Watch Tower
21:40 Watch Tower
21:41 Watch Tower
22:04 Watch Tower
22:05 Watch Tower
22:05 Watch Tower
22:05 Watch Tower
22:06 Watch Tower
22:06 Watch Tower
22:07 Watch Tower
22:07 Watch Tower
22:08 Watch Tower
22:08 Watch Tower
27:44 Watch Tower
27:44 Watch Tower
27:44 Watch Tower
27:45 Watch Tower
27:46 Watch Tower
36:11 Great Hall
36:14 Watch Tower
36:14 Watch Tower
36:14 Watch Tower
36:15 Watch Tower
36:23 Watch Tower
36:23 Watch Tower
36:23 Watch Tower
36:24 Watch Tower
36:26 Watch Tower
36:26 Watch Tower
36:26 Watch Tower
36:28 Watch Tower
36:33 Voodoo Lounge
36:47 Great Hall
36:48 Watch Tower
36:49 Watch Tower
36:50 Watch Tower
38:52 Great Hall
38:55 Watch Tower
38:56 Watch Tower
38:56 Watch Tower
38:56 Watch Tower
» items
| Healing Salve | 3 | |
| Potion of Healing | 2 | |
| Scroll of Town Portal | 2 | |
| Staff of Teleportation | 1 | |
| Orb of Lightning | 1 | |
| Potion of Mana | 2 | |
| Lesser Clarity Potion | 2 | |
| Periapt of Vitality | 1 | |
14 total

»
Heather2017 (
blue | 32 APM | 668 actions | 20:40)
1 Lich
1 Frost Nova
» actions
| Basic commands | 2 | |
| Build / train | 63 | |
| Enter build submenu | 24 | |
| Enter hero's abilities submenu | 1 | |
| Right click | 360 | |
| Select / deselect | 200 | |
| Use ability | 18 | |
668 total
» units
| Acolyte | 12 | |
| Ghoul | 13 | |
| Crypt Fiend | 3 | |
| Gargoyle | 9 | |
| Meatwagon | 7 | |
| Abomination | 1 | |
45 total
» upgrades
| Cannibalize | 1 | |
| Unholy Strength | 1 | |
| Unholy Armor | 1 | |
| Burrow | 1 | |
| Web | 1 | |
| Exhume Corpses | 1 | |
| Ghoul Frenzy | 1 | |
| Stone Form | 1 | |
8 total
» buildings
| Altar of Darkness | 1 | |
| Ziggurat | 6 | |
| Crypt | 2 | |
| Graveyard | 1 | |
| Halls of the Dead | 1 | |
| Black Citadel | 1 | |
| Slaughterhouse | 1 | |
| Spirit Tower | 4 | |
| Sacrificial Pit | 1 | |
| Boneyard | 1 | |
| Nerubian Tower | 1 | |
20 total
» build order
00:45 Altar of Darkness
01:20 Ziggurat
01:30 Crypt
01:55 Ziggurat
02:38 Crypt
03:33 Graveyard
03:38 Ziggurat
04:33 Halls of the Dead
05:09 Ziggurat
08:01 Black Citadel
08:28 Ziggurat
08:37 Slaughterhouse
09:10 Spirit Tower
09:26 Spirit Tower
09:40 Ziggurat
10:15 Sacrificial Pit
10:32 Spirit Tower
13:40 Spirit Tower
14:48 Boneyard
15:41 Nerubian Tower

»
teez (
teal | 20 APM | 853 actions | 42:11)
5 Death Knight
2 Death Coil
2 Unholy Aura
1 Death Pact
» actions
| Basic commands | 17 | |
| Build / train | 70 | |
| Enter build submenu | 39 | |
| Enter hero's abilities submenu | 5 | |
| Give item / drop item | 2 | |
| Remove unit from queue | 16 | |
| Right click | 364 | |
| Select / deselect | 265 | |
| Use ability | 75 | |
853 total
» units
| Acolyte | 8 | |
| Ghoul | 4 | |
| Crypt Fiend | 20 | |
32 total
» upgrades
| Creature Attack | 3 | |
| Creature Carapace | 3 | |
| Web | 1 | |
| Burrow | 1 | |
8 total
» buildings
| Graveyard | 1 | |
| Crypt | 2 | |
| Ziggurat | 11 | |
| Altar of Darkness | 2 | |
| Tomb of Relics | 2 | |
| Halls of the Dead | 1 | |
| Necropolis | 2 | |
| Spirit Tower | 5 | |
| Black Citadel | 1 | |
| Slaughterhouse | 1 | |
| Town Hall | 3 | |
| Farm | 5 | |
| Altar of Kings | 1 | |
37 total
» build order
00:27 Graveyard
00:33 Crypt
01:05 Ziggurat
01:09 Ziggurat
01:26 Altar of Darkness
02:21 Tomb of Relics
03:18 Ziggurat
06:43 Halls of the Dead
06:48 Ziggurat
08:00 Tomb of Relics
08:03 Ziggurat
08:05 Ziggurat
08:07 Ziggurat
08:12 Necropolis
09:16 Spirit Tower
10:51 Black Citadel
13:40 Spirit Tower
13:44 Spirit Tower
17:36 Spirit Tower
17:40 Ziggurat
17:43 Ziggurat
19:25 Slaughterhouse
19:32 Spirit Tower
25:53 Altar of Darkness
25:56 Crypt
25:59 Ziggurat
26:02 Ziggurat
26:31 Necropolis
28:42 Town Hall
28:49 Farm
31:03 Town Hall
31:16 Town Hall
31:56 Altar of Kings
33:07 Farm
34:16 Farm
34:59 Farm
37:31 Farm
» items
| Sacrificial Skull | 1 | |
| Rod of Necromancy | 1 | |
| Potion of Healing | 1 | |
| Scroll of Town Portal | 4 | |
| Periapt of Vitality | 1 | |
| Scroll of Healing | 1 | |
9 total
Chat log
(01:05 / All) REYARTEBEHT: damn my rally didn't go thru and I didn't notice
(05:27 / Allies) YourMaster: nice jacking my shredder
(05:36 / Allies) bale: u could have taken in
(05:42 / Allies) YourMaster: no I didn't have the gold yet
(05:44 / Allies) YourMaster: and you ran for it
(05:47 / Allies) YourMaster: and took it as fast as you could
(12:25 / Allies) bale: give wood
(15:55 / Allies) bale: red
(17:57 / Allies) bale: give wood
(18:47 / Allies) bale: come
(19:15 / Allies) bale: come
(19:15 / Allies) bale: red
(19:38 / Allies) bale: tanks lead
(20:00 / Allies) bale: red
(23:41 / Allies) bale: et it die
(23:47 / Allies) bale: i said let it die
(23:47 / Allies) bale: wtf
(27:32 / Allies) Russalot: lumber please?
(27:33 / Allies) bale: um
(27:35 / Allies) bale: ok
(27:37 / Allies) Russalot: any on need gold?
(27:46 / Allies) bale: purple tking
(33:13 / Allies) capitalsfan92: why purple
(33:21 / Allies) bale: he is yello
(33:23 / Allies) Russalot: is this how this game noramly goes?
(33:30 / Allies) YourMaster: when we're playing
(33:35 / Allies) Russalot: no wonder it died and SC replaced it
(33:39 / All) YourMaster: lol
(33:44 / Allies) Russalot: ./sigh
(33:53 / Allies) YourMaster: I'm playing for fun
(33:57 / Allies) Russalot: 1st game in 10 years
(34:02 / Allies) YourMaster: and this is way more fun than sc2
(34:20 / Allies) Russalot: hence why WC 4 will never be made
(34:35 / Allies) YourMaster: we have idiots like you who just play for wins
(34:40 / Allies) YourMaster: rather than fun, and somehow actually enjoy starcraft
(34:42 / Allies) Russalot: 1st game
(34:45 / Allies) Russalot: in 10 years
(34:48 / Allies) bale: lol
(34:50 / Allies) Russalot: just would of liked to won it
(34:52 / Allies) bale: this fun for purp
(34:53 / Allies) YourMaster: yeah and probably hundreds in sc2
(34:55 / Allies) YourMaster: right
(34:57 / Allies) Russalot: na
(35:00 / Allies) Russalot: i hated SC
(35:10 / Allies) Russalot: so i wanted to be reminded why i liked WC
(35:20 / Allies) YourMaster: welcome back to war3, where the games are actually unpredictable
(35:25 / Allies) Russalot: na
(35:25 / Allies) YourMaster: and you get bsers on your team
(35:28 / Allies) Russalot: im not back
(35:35 / Allies) Russalot: this will be it for me
(35:44 / Allies) Russalot: if this is all this game is
(36:35 / All) YourMaster: Orange is crying it's his first game in 10 years and he got tked
(37:00 / All) REYARTEBEHT: raped
(37:18 / All) REYARTEBEHT: teal thinks I care
(39:16 / All) YourMaster: no chat this game
(39:36 / All) REYARTEBEHT: I don't know waht the fuck blue was up to
(39:37 / All) REYARTEBEHT: total retard
(39:42 / All) REYARTEBEHT: had acos following lich
(39:49 / All) REYARTEBEHT: like some kind of master strategy
(39:51 / All) YourMaster: he had toggle formation on with tons of shit in the middle lol
(39:59 / All) REYARTEBEHT: I gave them 300 gold for waht I thought would be to haunt their gold mine
(40:04 / All) REYARTEBEHT: Instaed they spent 90 of it on some item
(40:12 / All) YourMaster: was hilarious watching it all move around at acolyte speed
(42:19 / All) REYARTEBEHT: that makes things easier lol
(42:33 / All) REYARTEBEHT: I kilt green's bm and sotle the items and teal went ?
(42:36 / All) REYARTEBEHT: and I said nothing lawl
(43:04 / All) YourMaster: Just you left orange
(43:05 / All) YourMaster: out
(43:36 / All) YourMaster: I raped both of your undead mines with heroes
(43:41 / All) YourMaster: sweet pendant of energy on my blood mage
(44:11 / All) REYARTEBEHT: raped
(44:17 / Allies) YourMaster: out, newbie
(44:18 / All) Russalot: yep
(44:19 / All) REYARTEBEHT: RAPED
(44:21 / All) REYARTEBEHT: molested
(44:21 / Allies) YourMaster: first game in 10 yrs and you lose it
(44:27 / All) Russalot: yep
(44:29 / All) REYARTEBEHT: you haven't been molested that bad
(44:32 / All) REYARTEBEHT: since your gay dad raped you
(44:35 / All) YourMaster: Orange might uninstall because of us lol
(44:41 / All) Russalot: my dad molested me that bad
(44:47 / All) Russalot: but that was a long time ago
(44:54 / All) Russalot: felt alot like this
(44:58 / All) YourMaster: lol
(45:13 / All) REYARTEBEHT: Show us on the doll where the bad man touched you
(45:26 / All) Russalot: but he was a good man
(45:41 / All) REYARTEBEHT: he was a kiddy diddler
(46:50 / All) YourMaster: Orange defiant to the end with his last two riflemen
(47:07 / All) YourMaster: Anything you want to say before we end it orange?
(47:24 / All) Russalot: na
(47:36 / All) YourMaster: probably wouldn't have had anything funny to say anyway
(47:39 / All) YourMaster: grats on your first loss in 10 yrs
(47:42 / All) Russalot: true